 Dungeon Crawl Stone Soup version 0.26.0-45-g9c1d065592 (webtiles) character file.

Game seed: 10681205844502784500

724 trckry the Bolt Thrower (level 7, -17/41 HPs)
             Began as a Tengu Hunter on Jan 31, 2021.
             Was an Initiate of Okawaru.
             Killed from afar by Maggie (27 damage)
             ... with a bolt of fire
             ... on level 6 of the Dungeon.
             The game lasted 00:09:14 (5817 turns).

trckry the Bolt Thrower (Tengu Hunter)              Turns: 5817, Time: 00:09:15

Health: -17/41     AC:  9    Str: 14    XL:     7   Next: 71%
Magic:  9/9        EV:  8    Int: 11    God:    Okawaru [......]
Gold:   75         SH:  8    Dex: 15    Spells: 6/6 levels left

rFire    . . .     SeeInvis .   a - +1 hand crossbow
rCold    . . .     Faith    .   j - +0 buckler
rNeg     . . .     Spirit   .   y - +0 chain mail
rPois    .         Reflect  +   (helmet restricted)
rElec    .         Harm     .   (no cloak)
rCorr    .         Rampage  .   (no gloves)
Will     .....                  (boots unavailable)
Stlth    ..........             m - amulet of reflection
HPRegen  0.13/turn              w - ring of stealth
MPRegen  0.11/turn              (no ring)

@: flying quickly and evasively, quick
A: beak, talons 3, able to fly
a: Stop Flying, Renounce Religion


You were on level 6 of the Dungeon.
You worshipped Okawaru.
Okawaru was noncommittal.
You visited 2 branches of the dungeon, and saw 7 of its levels.

You collected 211 gold pieces.
You spent 136 gold pieces at shops.

Inventory:

Hand Weapons
 a - a +1 hand crossbow (weapon)
 b - a +0 short sword of venom
 c - a +0 quarterstaff
Missiles
 d - 54 bolts (quivered ammo)
 h - 6 curare-tipped darts
 o - 3 poisoned darts
Armour
 j - a +0 buckler (worn)
 y - a +0 chain mail (worn)
Jewellery
 m - an amulet of reflection (around neck)
 w - a ring of stealth (left hand)
Wands
 r - a wand of flame (61)
 D - a wand of iceblast (10)
Scrolls
 e - 7 scrolls of remove curse {unknown}
 g - 7 scrolls of identify {unknown}
 i - 4 scrolls of teleportation
 k - 2 scrolls of enchant armour {unknown}
 q - a scroll of immolation {unknown}
 t - a scroll of amnesia {unknown}
 u - 2 scrolls of fear {unknown}
 x - a scroll of noise {unknown}
 A - a scroll of blinking
 C - a scroll of magic mapping {unknown}
Potions
 f - a potion of haste
 l - 2 potions of attraction {unknown}
 n - a potion of ambrosia {unknown}
 p - a potion of berserk rage {unknown}
 s - a potion of lignification {unknown}
 v - 2 potions of heal wounds {unknown}
 z - a potion of invisibility {unknown}
 B - 3 potions of curing


   Skills:
 + Level 3.3 Fighting
 + Level 2.7 Staves
 * Level 6.4 Crossbows
 + Level 2.8 Armour
 + Level 3.7 Dodging
 - Level 1.0 Stealth
 + Level 2.2 Invocations
 + Level 2.7 Evocations


You had 6 spell levels left.
You didn't know any spells.
Your spell library contained the following spells:

 Spells                   Type           Power        Failure   Level
 Confusing Touch          Hex            0%           100%        3
 Gell's Gravitas          Tloc           0%           100%        3
 Petrify                  Tmut/Erth      0%           100%        4
 Metabolic Englaciation   Hex/Ice        0%           100%        5
 Yara's Violent Unravell  Hex/Tmut       0%           100%        5


Dungeon Overview and Level Annotations

Branches:
Dungeon (6/15)             Temple (1/1) D:5

Altars:
Ashenzari
Cheibriados
Dithmenos
Elyvilon
Fedhas
Gozag
Hepliaklqana
Kikubaaqudgha
Makhleb
Nemelex Xobeh
Okawaru
Qazlal
Ru
Sif Muna
Trog
Uskayaw
Vehumet
Wu Jian
Xom
Yredelemnul
Zin
The Shining One

Shops:
D:5 ?

Annotations:
D:6 Maggie


Innate Abilities, Weirdness & Mutations

You have a beak for a mouth.
You have claws for feet.
You can fly continuously.


Message History

You peck Maggie.
Maggie is moderately wounded.
Maggie barely misses you.
You hit Maggie. You claw Maggie.
Maggie is heavily wounded.
You break out of your daze.
Maggie hits you with a +0 halberd of flaming!
* * * LOW HITPOINT WARNING * * *
Maggie burns you.
* * * LOW HITPOINT WARNING * * *
Press: ? - help, v - describe, . - travel
Here: Maggie, wielding a +0 halberd of flaming and wearing +0 swamp dragon scales (heavily wounded, poisoned)
The floor, spattered with blood.
Unknown command.
Your +0 short sword of venom stops dripping with poison.
a - a +1 hand crossbow (weapon)
Maggie points at you and mumbles some strange words.
The bolt of fire hits you!!
Ouch! That really hurt!
You die...

#....
#....
#....
#....#####
#....#...#
#....#...#
#....#...#
#....@...#
#...@#...#
#....#...#
#....#..##
#....##'##
+....#...#
#....#...#
#....#...#
#...#


You could see Maggie (poisoned).

Vanquished Creatures
  A hornet zombie (D:5)
  A wyvern skeleton (D:5)
  An orc priest (D:5)
  A centaur zombie (D:5)
  A bullfrog skeleton (D:5)
  2 hounds
  An orc wizard (D:5)
  Jessica (D:2)
  An iguana (D:4)
  3 worker ants
  Natasha (thrice) (D:2)
  A killer bee zombie (D:5)
  A hound skeleton (D:5)
  6 adders
  3 shadow imps (D:5)
  2 oozes (D:5)
  An ufetubus (D:5)
  An adder skeleton (D:3)
  An adder zombie (D:3)
  3 worms
  2 dart slugs
  3 leopard geckos
  3 orcs
  3 bats
  3 giant cockroaches
  5 hobgoblins
  2 jackals (D:1)
  2 quokkas
  A ball python (D:3)
  7 frilled lizards
  A giant cockroach zombie (D:3)
  9 goblins
  7 kobolds
  A leopard gecko zombie (D:3)
  4 quokka skeletons
  6 rats
94 creatures vanquished.

Vanquished Creatures (others)
  4 withered plants (D:3)
4 creatures vanquished.

Grand Total: 98 creatures vanquished

Notes
Turn   | Place    | Note
-------+----------+-------------------------------------------
     0 | D:1      | trckry the Tengu Hunter began the quest for the Orb.
     0 | D:1      | Reached XP level 1. HP: 12/12 MP: 2/2
    36 | D:1      | Reached XP level 2. HP: 17/17 MP: 3/3
   221 | D:1      | You fall into a shaft and drop 1 floor!
   804 | D:1      | Reached XP level 3. HP: 21/21 MP: 4/4
  1331 | D:2      | Noticed Natasha
  1339 | D:2      | Killed Natasha
  1340 | D:2      | Reached skill level 1 in Armour
  1340 | D:2      | Reached skill level 1 in Evocations
  1340 | D:2      | Reached XP level 4. HP: 8/26 MP: 5/5
  1376 | D:2      | Reached skill level 5 in Crossbows
  1411 | D:2      | Noticed Natasha
  1414 | D:2      | Killed Natasha
  1415 | D:2      | Reached skill level 1 in Staves
  1415 | D:2      | Reached skill level 1 in Invocations
  1440 | D:2      | Noticed Natasha
  1444 | D:2      | Killed Natasha
  1686 | D:2      | Noticed Jessica
  1695 | D:2      | Gained mutation: You can fly continuously. [Tengu growth]
  1695 | D:2      | Reached XP level 5. HP: 31/31 MP: 6/6
  1710 | D:2      | Killed Jessica
  2828 | D:3      | Found a hazy altar of Hepliaklqana.
  3329 | D:4      | Reached XP level 6. HP: 33/36 MP: 8/8
  4155 | D:5      | Entered Level 5 of the Dungeon
  4350 | D:5      | HP: 2/36 [hornet zombie (4)]
  4356 | D:5      | HP: 3/36 [hornet zombie (10)]
  4363 | D:5      | Reached skill level 6 in Crossbows
  4363 | D:5      | Reached XP level 7. HP: 13/41 MP: 9/9
  4841 | D:5      | Found Cinoach's Magic Scroll Shoppe.
  4855 | D:5      | Bought a scroll of teleportation for 39 gold pieces
  4855 | D:5      | Bought a scroll of blinking for 97 gold pieces
  5393 | D:5      | Found a staircase to the Ecumenical Temple.
  5406 | Temple   | Entered the Ecumenical Temple
  5707 | Temple   | Became a worshipper of Warmaster Okawaru
  5804 | D:6      | Noticed Maggie
  5817 | D:6      | Killed from afar by Maggie

Illustrated notes

Levels and vault maps discovered:
D:1:      dpeg_arrival_leaves_temple_mockup, layout_basic
D:2:      layout_loops_ring, uniq_natasha, uniq_jessica
D:3:      layout_loops_ring, nzn_hepliaklqana_mist_gate, serial_undead,
          serial_undead_d, serial_undead_e, serial_undead_b, serial_undead_e
D:4:      layout_gridville
D:5:      layout_loops_corners, minmay_temple_entry_offerings, serial_shops,
          nicolae_shop_crystal
D:6:      layout_gridville, hellmonk_ghost_happy_afterlife, uniq_sigmund,
          uniq_maggie
Temple:   regret_index_temple_sigil_plot

Skill      XL: |  1  2  3  4  5  6  7 |
---------------+----------------------+-----
Armour         | 1 2 |  2.8
Evocations     | 1 2 |  2.7
Crossbows      | 5 6 |  6.4
Staves         | 1 2 |  2.7
Invocations    | 1 2 |  2.2
Dodging        | 3 |  3.7
Fighting       | 3 |  3.3
Stealth        | |  1.0

Action                   |  1- 3 |  4- 6 |  7- 9 || total
-------------------------+-------+-------+-------++-------
Melee: Spear             |    77 |       |       ||    77
       Peck              |     8 |    25 |     2 ||    35
       Kick              |     8 |    42 |     4 ||    54
       Hand axe          |       |    42 |       ||    42
       Short sword       |       |    98 |    11 ||   109
 Fire: Hand crossbow     |     6 |    24 |    52 ||    82
 Abil: Fly               |       |     1 |       ||     1
  Use: Potion            |       |     4 |       ||     4
 Stab: Sleeping          |     2 |     6 |       ||     8
Armor: Leather armour    |     9 |    10 |       ||    19
       Chain mail        |       |    24 |    12 ||    36
Dodge: Dodged            |    20 |    57 |    11 ||    88
Block: Buckler           |    12 |    63 |    20 ||    95
       Reflection        |       |     1 |       ||     1
